 Dungeon Crawl Stone Soup version 0.30-a0-578-gdee14c521f (webtiles) character file.

Game seed: 12405739734909855559

234 demibob the Poker (level 5, -4/41 HPs)
             Began as a Demonspawn Chaos Knight on Jan 1, 2023.
             Was a Plaything of Xom.
             Slain by a troll (shapeshifter) (8 damage)
             ... on level 4 of the Dungeon.
             The game lasted 00:04:50 (2850 turns).

demibob the Poker (Demonspawn Chaos Knight)         Turns: 2850, Time: 00:04:50

Health: -4/41      AC: 13    Str: 14    XL:     5   Next: 75%
Magic:  5/5        EV: 11    Int: 13    God:    Xom [.....*]
Gold:   200        SH:  0    Dex: 15    Spells: 4/4 levels left

rFire   . . .      SeeInvis .    a - +1 spear (chaos)
rCold   . . .      Faith    .    (no shield)
rNeg    . . .      Spirit   .    b - +3 leather armour
rPois   +          Reflect  .    (no helmet)
rElec   .          Harm     .    (no cloak)
rCorr   .          Rampage  .    (no gloves)
Will    .....                    (no boots)
Stlth   ++                       (no amulet)
HPRegen 1.06/turn                T - +4 ring of protection
MPRegen 0.09/turn                (no ring)

@: no status effects
A: thin metallic scales 2, powered by death 1, thin skeletal structure 1, poison
resistance, regeneration 1, evolution 1
a: Renounce Religion


You were on level 4 of the Dungeon.
You worshipped Xom.
You were Xom's teddy bear.
You visited 1 branch of the dungeon, and saw 4 of its levels.

You collected 200 gold pieces.


Innate Abilities, Weirdness & Mutations

You are mostly covered in thin metallic scales. (AC +3)
You regenerate a little health from kills.
You have a somewhat thin skeletal structure. (Dex +2, Stealth+)
Your system is resistant to poisons. (rPois)
Your natural rate of healing is unusually fast.
You have hidden genetic potential.


   Skills:
 - Level 3.0 Fighting
 + Level 6.0 Polearms
 - Level 1.7 Armour
 - Level 0.8 Dodging


You had 4 spell levels left.
You didn't know any spells.
Your spell library contained the following spells:

 Spells                   Type           Power      Damage    Failure   Level
 Dazzling Flash           Conj/Hex       0%         N/A       75%         3
 Iskenderun's Mystic Bla  Conj/Tloc      0%         2d3       98%         4
 Starburst                Conj/Fire      0%         6d3       100%        6

Inventory:

Hand Weapons
 a - a +1 spear of chaos (weapon)
Missiles
 i - 4 datura-tipped darts
Armour
 b - a +3 leather armour (worn)
Jewellery
 C - a ring of ice
 F - a ring of fire
 T - a +4 ring of protection (left hand)
Wands
 e - a wand of quicksilver (2)
Scrolls
 g - 3 scrolls of teleportation {@r2}
Potions
 d - 2 potions of lignification
 f - a potion of ambrosia
 l - a potion of curing {unknown}
 o - a potion of mutation
Miscellaneous
 c - a piece from Xom's chessboard (15/15) (quivered)

Dungeon Overview and Level Annotations

Branches:
Dungeon (4/15)
 Temple: D:4-7

Altars:
Vehumet

'..#....#..........#
...#.#..#..........#
.....#....#####.####
.....#.#..# #...#
.###.....>###.###
..........#...#
#########.#.### .
..#.########## .#
.##.....@T...# ..
##########)# ... ###


You could see a troll shaped shifter (very poisoned).


Message History

The troll barely misses you.
The troll claws you but does no damage. x2
Okay, then.
You hit the troll. You burn the troll.
The troll is severely wounded.
The troll bites you. The troll claws you but does no damage.
The troll barely misses you.
You hit the troll.
The troll is severely wounded.
The troll misses you. The troll claws you. The troll closely misses you.
You hit the troll.
You feel better.
The troll is severely wounded.
The troll closely misses you. The troll claws you. The troll claws you!
You hit the troll.
The troll is poisoned.
The troll is almost dead.
The troll bites you but does no damage. The troll claws you but does no damage.
The troll claws you!
* * * LOW HITPOINT WARNING * * *
You feel much better. The troll bites you! The troll closely misses you.
The troll claws you.
* * * LOW HITPOINT WARNING * * *
Aiming: Quicksilver Bolt
Press: ? - help, Shift-Dir - straight line, f/p - troll
Aim: a troll shaped shifter (almost dead, very poisoned, 71% to hit)
The bolt of dispelling energy misses the troll.
The troll bites you!
* * * LOW HITPOINT WARNING * * *
The troll claws you.
* * * LOW HITPOINT WARNING * * *
The troll claws you!
You die...

Skill      XL: |  1  2  3  4  5 |
---------------+----------------+-----
Polearms       | 3 4 5 6 |  6.0
Fighting       | |  3.0
Armour         | |  1.7
Dodging        | |  0.8

Action                   |  1- 3 |  4- 6 || total
-------------------------+-------+-------++-------
Melee: Spear             |   115 |   107 ||   222
       Punch             |     1 |       ||     1
Evoke: Wand              |       |     4 ||     4
  Use: Scroll            |       |     9 ||     9
       Potion            |       |     2 ||     2
 Stab: Sleeping          |     1 |     3 ||     4
Armor: Leather armour    |    23 |    24 ||    47
       Skin              |       |    32 ||    32
Dodge: Dodged            |    42 |    35 ||    77

Levels and vault maps discovered:
D:1:      kennysheep_arrival_seaside, layout_rooms
D:2:      layout_basic
D:3:      layout_basic, vehumet_crystals, serial_curves, eino_curves_01,
          eino_curves_03
D:4:      layout_basic, minivault_11, uniq_blork_the_orc, uniq_edmund,
          uniq_eustachio

Notes
Turn   | Place    | Note
-------+----------+-------------------------------------------
     0 | D:1      | demibob the Demonspawn Chaos Knight began the quest for the
                  | Orb.
     0 | D:1      | Reached XP level 1. HP: 18/18 MP: 1/1
    71 | D:1      | Reached skill level 3 in Polearms
   109 | D:1      | Gained mutation: You are partially covered in thin metallic
                  | scales. (AC +2) [demonic ancestry]
   109 | D:1      | Reached XP level 2. HP: 18/24 MP: 2/2
   665 | D:2      | Reached XP level 3. HP: 25/29 MP: 3/3
   793 | D:2      | Reached skill level 4 in Polearms
  1121 | D:2      | Gained mutation: You regenerate a little health from kills.
                  | [demonic ancestry]
  1121 | D:2      | Reached XP level 4. HP: 35/35 MP: 4/4
  1144 | D:2      | You fall into a shaft and drop 1 floor!
  1164 | D:3      | Noticed a gnoll sergeant
  1186 | D:3      | XOM: scenery: 1 doors open
  1199 | D:3      | Killed a gnoll sergeant
  1200 | D:3      | Reached skill level 5 in Polearms
  1200 | D:3      | Gained mutation: You are mostly covered in thin metallic
                  | scales. (AC +3) [demonic ancestry]
  1200 | D:3      | Reached XP level 5. HP: 26/41 MP: 5/5
  1213 | D:3      | XOM: smoke on damage
  1537 | D:3      | Found a radiant altar of Vehumet.
  1907 | D:3      | XOM: give mutations
  1907 | D:3      | Gained mutation: Your natural rate of healing is unusually
                  | fast. [Xom's grace]
  1907 | D:3      | Gained mutation: You have hidden genetic potential. [Xom's
                  | grace]
  1907 | D:3      | Gained mutation: You have a somewhat thin skeletal
                  | structure. (Dex +2, Stealth+) [Xom's grace]
  1907 | D:3      | Gained mutation: Your system is resistant to poisons.
                  | (rPois) [Xom's grace]
  2581 | D:2      | Reached skill level 6 in Polearms
  2753 | D:2      | XOM: cloud trail
  2774 | D:3      | XOM: god gift: 6 stones
  2781 | D:3      | XOM: god gift: wand of quicksilver (6)
  2838 | D:4      | a kobold changed into a shapeshifter
  2838 | D:4      | Noticed a shapeshifter (shapeshifter)
  2838 | D:4      | XOM: polymorph kobold -> shapeshifter
  2839 | D:4      | a shapeshifter changed into a troll
  2839 | D:4      | Noticed a troll (shapeshifter)
  2850 | D:4      | HP: 4/41 [troll (shapeshifter) (2)]
  2850 | D:4      | Slain by a troll (shapeshifter)

Vanquished Creatures
  A gnoll sergeant (D:3)
  8 gnolls (D:3)
  3 adders (D:2)
  A worm (D:2)
  A dart slug (D:2)
  7 bats
  9 endoplasms
  3 giant cockroaches
  10 goblins
  3 hobgoblins
  3 quokkas
  5 ball pythons
  3 frilled lizards
  3 kobolds
  6 rats
66 creatures vanquished.

Vanquished Creatures (others)
  A plant (D:1)
1 creature vanquished.

Grand Total: 67 creatures vanquished

Table legend: (Time is in decaauts)
 A = Elapsed time spent in this place.
 B = Non-inter-level travel time spent in this place.
 C = Inter-level travel time spent in this place.
 D = Time resting spent in this place.
 E = Time spent auto-exploring this place.
 F = Levels seen in this place.
 G = Mean time per level.
                   A        B        C        D        E       F      G
               +--------+--------+--------+--------+--------+-----+--------+
         Total |   2827 |   2632 |    195 |    265 |   1892 |   4 |  706.8 |
       Dungeon |   2827 |   2632 |    195 |    265 |   1892 |   4 |  706.8 |
               +--------+--------+--------+--------+--------+-----+--------+

Top non-repeatable levels by time:
     D:3: 1356 daAuts
     D:2: 761 daAuts
     D:1: 653 daAuts
     D:4: 55 daAuts

Table legend:
 A = Non-vault XP
 B = Vault XP
 C = Vault XP percentage of total XP
 D = Non-vault monster count
 E = Vault monster count
 F = Vault count percentage of total count
                 A         B        C        D         E       F
            +---------+---------+-------+---------+---------+-------
      Total |     335 |       0 |   0.0 |      66 |       0 |   0.0
            +---------+---------+-------+---------+---------+-------
        D:1 |      37 |       0 |   0.0 |      24 |       0 |   0.0
        D:2 |      70 |       0 |   0.0 |      18 |       0 |   0.0
        D:3 |     228 |       0 |   0.0 |      24 |       0 |   0.0
            +---------+---------+-------+---------+---------+-------
